 Dungeon Crawl Stone Soup version 0.31-a0-198-g2ad674f65e (webtiles) character file.

Game seed: 2944334981208138146

239 qw the Skirmisher (level 5, -1/29 HPs)
             Began as a Deep Elf Hunter on June 25, 2023.
             Slain by Pikel
             ... wielding a +1 whip of flaming
              (2 damage)
             ... on level 4 of the Dungeon.
             The game lasted 00:00:57 (2743 turns).

qw the Skirmisher (Deep Elf Hunter)                 Turns: 2743, Time: 00:00:58

Health: -1/29      AC:  5    Str: 10    XL:     5   Next: 79%
Magic:  7/7        EV: 11    Int: 14    God:
Gold:   97         SH:  0    Dex: 18    Spells: 4/4 levels left

rFire   . . .        Y - +2 shortbow (flame)
rCold   . . .        (shield currently unavailable)
rNeg    . . .        j - +0 ring mail
rPois   .            (no helmet)
rElec   .            (no cloak)
rCorr   .            (no gloves)
SInv    .            (no boots)
Will    .....        (no amulet)
Stlth   +            (no ring)
HPRegen 0.24/turn    (no ring)
MPRegen 0.10/turn

%: no passive effects
@: no status effects
A: no striking features
a: no special abilities


You were on level 4 of the Dungeon.
You visited 1 branch of the dungeon, and saw 4 of its levels.

You collected 97 gold pieces.


   Skills:
 + Level 1.6 Fighting
 - Level 9.4 Ranged Weapons
 - Level 2.4 Dodging
 - Level 1.2 Stealth


You had 4 spell levels left.
You didn't know any spells.
Your spell library was empty.

Inventory:

Hand Weapons
 Y - a +2 shortbow of flaming (weapon)
Armour
 b - a +0 helmet
 j - a +0 ring mail (worn)
Jewellery
 h - a +6 ring of strength
Scrolls
 a - 2 scrolls of identify
Potions
 c - a potion of brilliance {unknown}
 d - a potion of heal wounds
 e - a potion of enlightenment {unknown}
 f - 2 potions of curing
 g - a potion of might {unknown}
 i - a potion of haste {unknown}

Dungeon Overview and Level Annotations

Branches:
Dungeon (4/15)
 Temple: D:4-7

Altars:

Annotations:
D:4 Pikel


Message History

The lemure is heavily wounded.
The lemure hits you.
You shoot an arrow. The arrow barely misses the lemure.
The lemure hits you.
A lemure comes into view.
You shoot an arrow. The arrow closely misses the lemure.
The lemure barely misses you.
You shoot an arrow. The arrow hits the lemure.
The arrow burns the lemure.
The lemure is heavily wounded.
Pikel hits you with a +1 whip of flaming.
Pikel burns you. The lemure hits you. The lemure closely misses you.
Pikel closely misses you.
You shoot an arrow. The arrow hits the lemure!
The arrow burns the lemure.
The lemure is almost dead.
Pikel hits you with a +1 whip of flaming.
Pikel burns you. The lemure barely misses you.
2738 ||| DRINKING 2 potions of heal wounds.
You feel much better. The lemure completely misses you.
Pikel closely misses you.
You shoot an arrow. The arrow hits the lemure!
The arrow burns the lemure.
You kill the lemure!
That felt strangely unrewarding.
Pikel hits you with a +1 whip of flaming.
Pikel burns you.
You shoot an arrow. The arrow barely misses Pikel.
Pikel hits you with a +1 whip of flaming.
Pikel burns you.
You shoot an arrow.
The arrow hits Pikel but does no damage.
Pikel hits you with a +1 whip of flaming.
Pikel burns you.
You shoot an arrow. The arrow hits Pikel.
The arrow burns Pikel.
Pikel is lightly wounded.
Pikel barely misses you.
You shoot an arrow.
The arrow hits Pikel but does no damage.
Pikel is lightly wounded.
Pikel hits you with a +1 whip of flaming!
Pikel burns you.
You die...

. ## ... #. ... #.
#'# #5 #)# #5 #.#
#K############.##
#.@........##...##
##########.#.....#
#...#...###
#.#........
#...####### #####


You could see Pikel and 2 lemures.

Vanquished Creatures
  A lemure (D:4)
  A scorpion (D:4)
  Natasha (thrice) (D:3)
  Robin (D:4)
  2 adders (D:3)
  A worm (D:3)
  2 dart slugs
  4 endoplasms
  3 giant cockroaches
  14 goblins
  3 hobgoblins (D:3)
  3 jackals (D:3)
  3 quokkas (D:3)
  7 ball pythons
  6 bats
  7 frilled lizards
  4 kobolds
  10 rats
75 creatures vanquished.

Notes
Turn   | Place    | Note
-------+----------+-------------------------------------------
     0 | D:1      | qw the Deep Elf Hunter began the quest for the Orb.
     0 | D:1      | Reached XP level 1. HP: 12/12 MP: 3/3
     0 | D:1      | 0 ||| qw: Version: 0.3-a-22-g0ed2b0b
     0 | D:1      | 0 ||| qw: Game counter: 5174
     0 | D:1      | 0 ||| qw: Melee chars always use a shield: true
     0 | D:1      | 0 ||| qw: God list: Okawaru
     0 | D:1      | 0 ||| qw: Allow faded altars: false
     0 | D:1      | 0 ||| qw: Do Orc after clearing Dungeon:15 true
     0 | D:1      | 0 ||| qw: Do second Lair branch before Depths: true
     0 | D:1      | 0 ||| qw: Lair rune preference: random
     0 | D:1      | 0 ||| qw: Goals: Normal
     0 | D:1      | 0 ||| PLANNING D:1-11
   128 | D:1      | Reached XP level 2. HP: 10/16 MP: 4/4
   129 | D:1      | Reached skill level 6 in Ranged Weapons
   262 | D:1      | 262 ||| FLEEEEING.
   471 | D:1      | 471 ||| Stepping ~*~*~tactically~*~*~ (outnumbered).
   473 | D:1      | 473 ||| Stepping ~*~*~tactically~*~*~ (outnumbered).
   475 | D:1      | 475 ||| Stepping ~*~*~tactically~*~*~ (outnumbered).
   477 | D:1      | 477 ||| Stepping ~*~*~tactically~*~*~ (outnumbered).
   534 | D:1      | 534 ||| READING scroll labelled SACLAX IDYWU.
   535 | D:1      | 535 ||| READING scroll labelled JESA GICKIPLOUR.
   536 | D:1      | 536 ||| READING scroll labelled HEKETHEILA.
   537 | D:1      | 537 ||| READING scroll labelled KEITI IVATAW.
   538 | D:1      | 538 ||| DRINKING 2 metallic silvery potions.
   539 | D:1      | 539 ||| DROPPING scroll of butterflies.
   652 | D:2      | 652 ||| READING scroll of enchant weapon.
   652 | D:2      | 652 ||| ENCHANTING +1 shortbow.
   834 | D:2      | Found a faded altar of an unknown god.
  1170 | D:2      | 1170 ||| UPGRADING to +0 scale mail.
  1180 | D:2      | 1180 ||| DROPPING +0 leather armour.
  1181 | D:2      | 1181 ||| DROPPING +6 ring of intelligence.
  1182 | D:2      | 1182 ||| READING scroll labelled DACAIM AXEGIF.
  1183 | D:2      | 1183 ||| READING 2 scrolls labelled JICSEL TAUXEQ.
  1184 | D:2      | 1184 ||| DRINKING 2 fizzy yellow potions.
  1185 | D:2      | 1185 ||| READING 2 scrolls of identify.
  1185 | D:2      | 1185 ||| IDENTIFYING dark potion
  1186 | D:2      | 1186 ||| DROPPING scroll of vulnerability.
  1187 | D:2      | 1187 ||| DROPPING potion of degeneration.
  1212 | D:3      | Reached XP level 3. HP: 20/20 MP: 5/5
  1484 | D:3      | Noticed Natasha
  1486 | D:3      | Killed Natasha
  1487 | D:3      | Reached skill level 7 in Ranged Weapons
  1512 | D:3      | Noticed Natasha
  1516 | D:3      | Killed Natasha
  1517 | D:3      | Reached XP level 4. HP: 17/25 MP: 6/6
  1657 | D:3      | Reached skill level 8 in Ranged Weapons
  1826 | D:3      | Noticed Natasha
  1830 | D:3      | Killed Natasha
  1831 | D:3      | Reached XP level 5. HP: 29/29 MP: 7/7
  2138 | D:3      | 2138 ||| UPGRADING to +0 ring mail.
  2148 | D:3      | 2148 ||| DROPPING +0 scale mail.
  2149 | D:3      | 2149 ||| DRINKING 2 grey potions.
  2150 | D:3      | 2150 ||| READING 2 scrolls of identify.
  2150 | D:3      | 2150 ||| IDENTIFYING purple potion
  2151 | D:3      | 2151 ||| DROPPING potion of ambrosia.
  2152 | D:3      | 2152 ||| DROPPING potion of attraction.
  2306 | D:4      | Noticed Robin
  2319 | D:4      | Killed Robin
  2320 | D:4      | 2320 ||| FLEEEEING.
  2321 | D:4      | 2321 ||| FLEEEEING.
  2322 | D:4      | 2322 ||| FLEEEEING.
  2323 | D:4      | 2323 ||| FLEEEEING.
  2324 | D:4      | 2324 ||| FLEEEEING.
  2325 | D:4      | 2325 ||| FLEEEEING.
  2326 | D:4      | 2326 ||| FLEEEEING.
  2327 | D:4      | 2327 ||| FLEEEEING.
  2328 | D:4      | 2328 ||| FLEEEEING.
  2329 | D:4      | 2329 ||| FLEEEEING.
  2330 | D:4      | 2330 ||| FLEEEEING.
  2331 | D:4      | 2331 ||| FLEEEEING.
  2332 | D:4      | 2332 ||| FLEEEEING.
  2333 | D:4      | 2333 ||| FLEEEEING.
  2334 | D:4      | 2334 ||| FLEEEEING.
  2335 | D:4      | 2335 ||| FLEEEEING.
  2336 | D:4      | 2336 ||| FLEEEEING.
  2337 | D:4      | 2337 ||| FLEEEEING.
  2338 | D:4      | 2338 ||| FLEEEEING.
  2339 | D:4      | 2339 ||| FLEEEEING.
  2340 | D:4      | 2340 ||| FLEEEEING.
  2341 | D:4      | 2341 ||| FLEEEEING.
  2342 | D:4      | 2342 ||| FLEEEEING.
  2343 | D:4      | 2343 ||| FLEEEEING.
  2346 | D:4      | 2346 ||| STAIRDANCE
  2715 | D:4      | Reached skill level 9 in Ranged Weapons
  2729 | D:4      | Noticed a lemure
  2729 | D:4      | Noticed a lemure
  2729 | D:4      | Noticed Pikel
  2731 | D:4      | Noticed a lemure
  2734 | D:4      | Noticed a lemure
  2737 | D:4      | HP: 7/29 [Pikel/+1 whip of flaming (5)]
  2738 | D:4      | 2738 ||| DRINKING 2 potions of heal wounds.
  2739 | D:4      | Killed a lemure
  2743 | D:4      | HP: 1/29 [Pikel/+1 whip of flaming (11)]
  2743 | D:4      | Slain by Pikel

Levels and vault maps discovered:
D:1:      dpeg_arrival_stonehenge_8_columns, layout_loops_ring
D:2:      layout_basic, dreamdust_ecumenical_altar_angels_and_demons
D:3:      layout_loops_corners, guppyfry_early_lair_pool, uniq_natasha
D:4:      layout_loops_corners, uniq_crazy_yiuf_cottage, uniq_pikel, uniq_robin

Skill      XL: |  1  2  3  4  5 |
---------------+----------------+-----
Ranged Weapons | 6 7 8 9 |  9.4
Fighting       | |  1.6
Dodging        | |  2.4
Stealth        | |  1.2

Action                     |  1- 3 |  4- 6 || total
---------------------------+-------+-------++-------
   Fire: Shortbow          |    89 |    83 ||   172
    Use: Scroll            |     8 |     1 ||     9
         Potion            |     2 |     2 ||     4
 Armour: Leather armour    |     1 |       ||     1
         Scale mail        |     6 |    11 ||    17
         Ring mail         |       |     9 ||     9
  Dodge: Dodged            |    22 |    25 ||    47

Table legend:
 A = Non-vault XP
 B = Vault XP
 C = Vault XP percentage of total XP
 D = Non-vault monster count
 E = Vault monster count
 F = Vault count percentage of total count
                 A         B        C        D         E       F
            +---------+---------+-------+---------+---------+-------
      Total |     273 |      69 |  20.2 |      62 |      12 |  16.2
            +---------+---------+-------+---------+---------+-------
        D:1 |      28 |       0 |   0.0 |      18 |       0 |   0.0
        D:2 |      12 |       0 |   0.0 |      10 |       0 |   0.0
        D:3 |     142 |      37 |  20.7 |      28 |       2 |   6.7
        D:4 |      91 |      32 |  26.0 |       6 |      10 |  62.5
            +---------+---------+-------+---------+---------+-------
